 Dungeon Crawl Stone Soup version 0.17-a0-1497-g03599f7 (webtiles) character file.

469 licio the Chopper (level 7, -4/52 HPs)
             Began as a Formicid Fighter on July 5, 2015.
             Was a Follower of Okawaru.
             Killed by divine providence
             ... invoked by an orc priest
              (15 damage)
             ... on level 4 of the Dungeon.
             The game lasted 00:06:46 (3450 turns).

licio the Chopper (Formicid Fighter)                Turns: 3450, Time: 00:06:46

Health: -4/52      AC:  6    Str: 23      XL:     7   Next: 30%
Magic:  7/7        EV:  8    Int:  7      God:    Okawaru [*.....]
Gold:   108        SH:  9    Dex:  9 (10) Spells: 0 memorised, 6 levels left

rFire  . . .     SeeInvis +     a - +0 war axe
rCold  . . .     Clarity  .     b - +0 scale mail
rNeg   . . .     SustAt   .     c - +0 shield
rPois  +         Gourm    .     (helmet unavailable)
rElec  .         Spirit   .     (no cloak)
rCorr  .         Warding  .     (no gloves)
rMut   .         Stasis   +     (no boots)
MR     .....                    (no amulet)
Stlth  ..........               (no ring)
                                o - ring of poison resistance

@: not resistant to hostile enchantments, extremely unstealthy
A: permanent stasis, dig shafts and tunnels, four strong arms, antennae 3
a: Dig, Shaft Self, Heroism, Renounce Religion


You were on level 4 of the Dungeon.
You worshipped Okawaru.
Okawaru was aware of your devotion.
You were not hungry.

You visited 1 branch of the dungeon, and saw 4 of its levels.
You also visited: Ossuary.

You collected 108 gold pieces.

Inventory:

Hand weapons
 a - a +0 war axe (weapon)
Armour
 b - a +0 scale mail (worn)
 c - a +0 shield (worn)
Jewellery
 i - an uncursed ring of ice
 o - a ring of poison resistance (left hand)
Scrolls
 g - 2 scrolls of identify {unknown}
 k - 2 scrolls of magic mapping {unknown}
 m - 2 scrolls of teleportation {unknown}
 n - 2 scrolls of noise {unknown}
Potions
 l - a potion of agility
 p - 3 potions of haste {unknown}
 q - 2 potions of poison {unknown}
 r - 2 potions of resistance {unknown}
 s - 2 potions of heal wounds {unknown}
 u - 2 potions of lignification
Books
 j - a Fen Folio

   Spells                             Type                      Level
   a - Corpse Rot                     Necromancy                   2
   b - Stone Arrow                    Conjuration/Earth            3
   c - Leda's Liquefaction            Hexes/Earth                  4
   d - Summon Forest                  Summoning/Translocation      5
   e - Hydra Form                     Transmutation                6
   f - Summon Hydra                   Summoning                    7
Miscellaneous
 t - a phial of floods
Comestibles
 f - a meat ration
 h - 5 fruits
 v - 2 chunks of flesh
 Z - a beef jerky


   Skills:
 - Level 3.2 Fighting
 * Level 7.4 Axes
 - Level 3.2 Armour
 - Level 3.6 Shields


You had 6 spell levels left.
You didn't know any spells.

Dungeon Overview and Level Annotations

Branches:
Dungeon (4/15)
 Temple: D:4-7

Altars:
Dithmenos
Okawaru


Innate Abilities, Weirdness & Mutations

You are under a permanent stasis effect.
You can dig through walls and to a lower floor.
Your four strong arms can wield two-handed weapons with a shield.
You have a pair of large antennae on your head (SInv).


Message History

Something smites you!
A hobgoblin comes into view. It is wielding a club.
The hobgoblin shouts!
Found a stone staircase leading down.
A hobgoblin comes into view. It is wielding a club.
You barely miss the orc priest.
The hobgoblin shouts!
The orc priest hits you but does no damage.
You closely miss the orc priest.
The orc priest invokes the aid of Beogh against you.
Something smites you!
* * * LOW HITPOINT WARNING * * *
You closely miss the orc priest. You closely miss the orc wizard.
The orc priest hits you but does no damage.
The orc wizard barely misses you.
The orc wizard gestures wildly while chanting.
The orc wizard flickers and vanishes for a moment.
The orc priest calls down the wrath of Beogh upon you.
Something smites you!
You die...

# ..## ... # ......#####
....# ............# ....#
...........##......
...................
..................
...#########................
>.....oo.o.@................
.......g....[.............##
.......o...................#
.......g...........)†.......
......###.........).).......
......#........##.))........
............................
............................
................###....


You could see 2 orc priests, an orc wizard (invisible), an orc and 2 hobgoblins.

Vanquished Creatures
  The ghost of hackum the Shield-Bearer, an average OpFi (D:3)
  A giant frog zombie (D:3)
  A human zombie (Ossuary)
  Ijyb (D:2)
  An iguana (D:4)
  2 orc wizards (D:4)
  2 mummies (Ossuary)
  Robin (D:4)
  6 adders
  2 oozes
  An adder zombie (Ossuary)
  5 worms
  5 giant geckos
  3 orcs
  6 giant cockroaches
  21 goblins
  7 hobgoblins
  3 jackals (D:3)
  6 bats
  A giant newt (D:3)
  A goblin zombie (Ossuary)
  14 hobgoblin zombies (Ossuary)
  A jackal zombie (Ossuary)
  7 kobolds
  11 kobold zombies (Ossuary)
  5 orc zombies (Ossuary)
  8 rats
  2 rat zombies (Ossuary)
125 creatures vanquished.

Notes
Turn   | Place    | Note
--------------------------------------------------------------
     0 | D:1      | licio the Formicid Fighter began the quest for the Orb.
     0 | D:1      | Reached XP level 1. HP: 18/18 MP: 1/1
   133 | D:1      | Reached XP level 2. HP: 22/24 MP: 2/2
   492 | D:2      | Found a faded altar to an unknown god.
   501 | D:2      | Reached XP level 3. HP: 26/29 MP: 3/3
   506 | D:2      | Found an iron altar of Okawaru.
   545 | D:2      | Became a worshipper of Warmaster Okawaru
   594 | D:2      | Reached XP level 4. HP: 27/35 MP: 4/4
   645 | D:2      | Reached skill level 4 in Axes
   706 | D:2      | Noticed Ijyb
   935 | D:2      | Killed Ijyb
  1063 | D:2      | Reached XP level 5. HP: 28/41 MP: 5/5
  1515 | D:3      | Reached skill level 5 in Axes
  1599 | D:3      | Noticed hackum's ghost (average OpFi)
  1752 | D:3      | Killed hackum's ghost
  1752 | D:3      | Acquired Okawaru's first power
  1752 | D:3      | Reached XP level 6. HP: 8/47 MP: 6/6
  2173 | D:3      | Reached skill level 6 in Axes
  2178 | D:3      | Found a shadowy altar of Dithmenos.
  2884 | D:4      | Found a sand-covered staircase.
  2890 | Ossuary  | Entered an ossuary
  3068 | Ossuary  | Reached XP level 7. HP: 52/52 MP: 7/7
  3112 | Ossuary  | Reached skill level 7 in Axes
  3367 | D:4      | Noticed Robin
  3427 | D:4      | Killed Robin
  3450 | D:4      | Killed from afar by an orc priest

Vault maps used:
D:1:      lemuel_arrival_muddy
D:2:      lemuel_round_altar, ecumenical_altar_2, uniq_iyjb
D:3:      serial_bayou_pond_e, nicolae_dithmenos_shadow_blocks
D:4:      kennysheep_six_static_rooms, nicolae_ossuary_entry_plus, serial_shops,
          shop, uniq_robin, uniq_eustachio
Ossuary:  ossuary_tomb_1

Action                   |  1- 3 |  4- 6 |  7- 9 || total
-------------------------+-------+-------+-------++-------
Melee: War axe           |    55 |   232 |    89 ||   376
 Abil: Dig               |       |     1 |       ||     1
  Use: Potion            |       |     5 |       ||     5
  Eat: Chunk             |       |     7 |     1 ||     8
       Bread ration      |       |       |     1 ||     1
